AoeStats
← ElDarko

Arabia

509203250Analyzed
1v1 RM · 5d ago on Sep 25, 2026· 51m 31s· 2 players
Game mode
Random Map
Map size
Tiny (2 player)
Population
200
Speed
Normal
Resources
Standard
Victory
Conquest
Starting age
Dark Age
Ending age
Imperial Age
RankedLock teamsTeams togetherTeam positionsShared explorationLock speedFull tech treeHidden civsTurbo modeCheats
Victory
Defeat
🇦🇺 Burgundians · Australia
420
+16
🇦🇷 Magyars · Argentina
426
-16
GabeT456
7:52 Double-Bit Axe
8:09 Loom
10:29 Feudal Age
10:11 Double-Bit Axe
10:13 Horse Collar
14:05 Forging
20:14 Fletching
20:32 Padded Archer Armor
28:50 Castle Age
29:46 Bodkin Arrow
30:07 Leather Archer Armor
33:09 Ballistics
39:17 Fortified Wall
47:24 Elite Skirmisher
51:07 Imperial Age
49:48 Iron Casting
49:19 Scale Barding Armor
ElDarko
11:04 Feudal Age
9:20 Loom
30:00 Castle Age
28:09 Padded Archer Armor
28:01 Fletching
Connection lost

Rejoining the realm…

Still unreachable

The connection could not be restored.

Session expired

The server has moved on; the page needs a fresh start.